AoeStats
← Mr.Razorski

MegaRandom

510406860Analyzed
3v3 RM · 21h ago on Sep 30, 2026· 31m 12s· 6 players
Game mode
Random Map
Map size
Normal (6 player)
Population
200
Speed
Normal
Resources
Standard
Victory
Conquest
Starting age
Dark Age
Ending age
Imperial Age
RankedLock teamsTeams togetherTeam positionsShared explorationLock speedFull tech treeHidden civsTurbo modeCheats
Victory
Defeat
🇩🇰 Poles · Denmark
1159
+13
🇵🇱 Franks · Poland
1018
+19
🇵🇱 Malians · Poland
958
+22
🇳🇱 Celts · Netherlands
1122
-19
🇫🇷 Khmer · France
1109
-19
🇺🇸 Bohemians · United States
1045
-16
Sram Red e tape
6:34 Loom
12:11 Feudal Age
14:55 Castle Age
13:43 Town Watch
14:33 Wheelbarrow
13:46 Town Watch
16:12 Double-Bit Axe
16:10 Horse Collar
17:14 Hand Cart
17:30 Bow Saw
19:02 Heavy Plow
19:22 Gold Mining
19:24 Stone Mining
22:02 Husbandry
22:13 Bloodlines
22:13 Scale Barding Armor
23:21 Chain Barding Armor
23:11 Forging
24:35 Gold Shaft Mining
24:36 Stone Shaft Mining
27:47 Imperial Age
27:44 Iron Casting
28:15 Masonry
28:26 Ballistics
28:02 Murder Holes
28:04 Cavalier
30:24 Plate Barding Armor
30:50 Blast Furnace
30:42 Fletching
De Muijl
1:17 Loom
10:30 Feudal Age
11:05 Double-Bit Axe
11:01 Horse Collar
12:47 Wheelbarrow
16:01 Castle Age
13:58 Gold Mining
16:47 Heavy Plow
16:58 Bow Saw
17:15 Stone Mining
19:17 Husbandry
22:11 Hand Cart
22:16 Fletching
26:19 Scale Barding Armor
27:40 Town Watch
28:19 Forging
28:31 Chain Barding Armor
32:29 Imperial Age
shortsnorter
1:07 Loom
10:40 Feudal Age
14:27 Castle Age
14:28 Wheelbarrow
19:40 Fletching
24:44 Imperial Age
23:00 Horse Collar
23:26 Double-Bit Axe
27:31 Ballistics
27:23 Bodkin Arrow
Mr.Razorski
6:32 Loom
12:32 Feudal Age
15:04 Horse Collar
15:12 Double-Bit Axe
16:04 Wheelbarrow
16:49 Bloodlines
17:56 Forging
20:00 Scale Mail Armor
20:08 Scale Barding Armor
23:22 Castle Age
24:36 Scale Mail Armor
25:11 Iron Casting
25:12 Husbandry
25:53 Szlachta Privileges
26:11 Chain Barding Armor
30:41 Light Cavalry
34:05 Imperial Age
mateuszes
2:52 Loom
10:12 Feudal Age
11:19 Double-Bit Axe
16:58 Castle Age
17:08 Wheelbarrow
16:20 Town Watch
16:31 Gold Mining
22:39 Husbandry
26:25 Forging
26:21 Scale Barding Armor
28:07 Iron Casting
28:35 Chain Barding Armor
28:55 Iron Casting
32:21 Imperial Age
30:08 Hand Cart
Helenka
4:06 Loom
11:39 Feudal Age
12:14 Double-Bit Axe
16:48 Castle Age
15:50 Wheelbarrow
15:27 Stone Mining
21:05 Scale Mail Armor
23:38 Bow Saw
24:05 Horse Collar
25:02 Forging
27:24 Iron Casting
27:16 Chain Mail Armor
27:10 Gold Mining
29:22 Heavy Plow
32:10 Imperial Age
30:36 Hand Cart
Connection lost

Rejoining the realm…

Still unreachable

The connection could not be restored.

Session expired

The server has moved on; the page needs a fresh start.